 Dungeon Crawl Stone Soup version 0.23-a0-290-g290e36d (webtiles) character file.

40789 Amnesiac the Spry (level 13, 64/64 HPs)
             Began as a Felid Earth Elementalist on Oct 3, 2018.
             Was the Champion of Dithmenos.
             Quit the game on level 2 of the Orcish Mines.
             The game lasted 01:04:34 (25327 turns).

Amnesiac the Spry (Felid Earth Elementalist)       Turns: 25327, Time: 01:04:35

Health: 64/64      AC:  3    Str:  4    XL:     13   Next: 76%
Magic:  32/32      EV: 33    Int: 22    God:    Dithmenos [******]
Gold:   1934       SH:  0    Dex: 16    Spells: 1/25 levels left
                                        Lives:  1   Deaths: 1

rFire    + . .     SeeInvis +     - Unarmed
rCold    + . .     Gourm    .   (shield unavailable)
rNeg     . . .     Faith    .   (armour unavailable)
rPois    .         Spirit   .   (helmet unavailable)
rElec    .         Reflect  .   (cloak unavailable)
rCorr    .         Harm     .   (gloves unavailable)
MR       +....                  (boots unavailable)
Stlth    +++++++++.             A - amulet of regeneration
HPRegen  0.60/turn              H - ring of magical power
MPRegen  0.23/turn              e - ring of protection from fire

@: wreathed by umbra, quick
A: very small, no armour, no weapons or thrown items, stealth, claws 1, fangs 3,
see invisible, carnivore, speed 1, shaggy fur 3, slow metabolism 1, sharp paws
a: Shadow Step, Shadow Form, Renounce Religion


You were on level 2 of the Orcish Mines.
You worshipped Dithmenos.
Dithmenos was exalted by your worship.
You were not hungry.

You visited 3 branches of the dungeon, and saw 20 of its levels.
You also visited: Sewer and Volcano.

You collected 1934 gold pieces.

Inventory:

Missiles
 b - 47 stones
 l - 209 arrows
Jewellery
 e - a ring of protection from fire (right paw)
 k - an uncursed ring of wizardry
 n - an uncursed ring of magical power
 r - the ring of Melimoaq {rPois rN+ Str+2 Stlth-}
   (You acquired it on level 9 of the Dungeon)

   [ring of strength]

   It affects your strength (+2).
   It protects you from poison.
   It protects you from negative energy.
   It makes you less stealthy.
 w - an uncursed ring of protection from magic
 A - an amulet of regeneration (around neck)
 C - an uncursed ring of resist corrosion
 H - a ring of magical power (left paw)
Wands
 m - a wand of clouds (13)
 s - a wand of iceblast (7)
 y - a wand of digging (19)
 F - a wand of enslavement (39)
 N - a wand of polymorph (46)
Scrolls
 d - 8 scrolls of teleportation {!r}
 g - 4 scrolls of blinking {!r}
 i - 10 scrolls of remove curse {!r}
 j - 3 scrolls of amnesia {!r}
 v - a scroll of magic mapping {!r}
 x - a scroll of fog {!r}
 G - a scroll of fear {!r}
 K - 4 scrolls of identify {!r}
 L - 3 scrolls of torment {!r}
Potions
 a - 3 potions of brilliance {!q}
 f - 4 potions of might {!q}
 h - 3 potions of heal wounds {!q}
 o - 3 potions of haste {!q}
 p - 8 potions of curing {!q}
 q - 6 potions of mutation {!q}
 t - 2 potions of resistance {!q}
 u - a potion of invisibility {!q}
 z - 3 potions of berserk rage {!q}
 B - 6 potions of agility {!q}
 E - a potion of ambrosia {!q}
 M - a potion of flight {!q}
Miscellaneous
 J - a phantom mirror
 O - 2 sacks of spiders
Comestibles
 c - 43 rations
 D - 8 chunks of flesh


   Skills:
 - Level 12.0 Fighting
 - Level 18.0 Dodging
 + Level 9.8 Stealth
 * Level 9.9 Unarmed Combat
 - Level 6.5 Spellcasting
 - Level 8.5 Transmutations
 - Level 10.0 Earth Magic


You had one spell level left.
You knew the following spells:

 Your Spells              Type           Power        Failure   Level  Hunger
a - Sandblast             Erth           ######       1%          1    None
b - Passwall              Tmut/Erth      #####...     1%          2    None
c - Sticks to Snakes      Tmut           #####...     1%          2    None
d - Lee's Rapid Deconstr  Erth           ######....   3%          5    #####..
e - Petrify               Tmut/Erth      #####...     1%          4    ###....
f - Apportation           Tloc           #.....       9%          1    None
g - Mephitic Cloud        Conj/Pois/Air  #.......     26%         3    #......
h - Borgnjor's Vile Clut  Necr/Erth      ####......   30%         5    #####..
z - Confusing Touch       Hex            #.....       9%          1    None

Your spell library contained the following spells:

 Spells                   Type           Power        Failure   Level  Hunger
 Beastly Appendage        Tmut           #####.       1%          1    None
 Animate Skeleton         Necr           N/A          9%          1    None
 Flame Tongue             Conj/Fire      #....        9%          1    None
 Sting                    Conj/Pois      #...         9%          1    None
 Summon Small Mammal      Summ           #...         9%          1    None
 Stone Arrow              Conj/Erth      ####..       3%          3    #......
 Spider Form              Tmut/Pois      ####......   4%          3    #......
 Blade Hands              Tmut           #####.....   7%          5    #####..
 Call Imp                 Summ           #.......     13%         2    None
 Ensorcelled Hibernation  Hex/Ice        #.....       13%         2    None
 Poisonous Vapours        Pois/Air       #.....       13%         2    None
 Throw Flame              Conj/Fire      #.....       13%         2    None
 Ice Form                 Ice/Tmut       ####....     14%         4    ###....
 Call Canine Familiar     Summ           #.......     26%         3    #......
 Conjure Flame            Conj/Fire      #.......     26%         3    #......
 Inner Flame              Hex/Fire       #.......     26%         3    #......
 Summon Guardian Golem    Hex/Summ       #.......     26%         3    #......
 Olgreb's Toxic Radiance  Pois           #.......     65%         4    ###....
 Sticky Flame             Conj/Fire      #.......     65%         4    ###....
 Summon Ice Beast         Ice/Summ       #.......     65%         4    ###....
 Summon Lightning Spire   Summ/Air       #.......     65%         4    ###....
 Fireball                 Conj/Fire      #.........   94%         5    #####..
 Silence                  Hex/Air        #.........   94%         5    #####..
 Venom Bolt               Conj/Pois      #.........   94%         5    #####..
 Darkness                 Hex            #.........   100%        6    ######.
 Shadow Creatures         Summ           N/A          100%        6    ######.


Dungeon Overview and Level Annotations

Branches:
Dungeon (12/15)            Temple (0/1) D:4            Lair (6/6) D:10
 Shoals (0/4) Lair:2       Spider (0/4) Lair:3        Slime (0/5) Lair:6
    Orc (2/2) D:12            Elf (0/3) Orc:2

Altars:
Ashenzari
Dithmenos
Fedhas
Gozag
Hepliaklqana
Kikubaaqudgha
Nemelex Xobeh
Qazlal
Ru
Trog
Wu Jian
Zin
The Shining One
Beogh
Jiyva

Shops:
D:5 ((!(   D:7 [   Orc:1 }}   Orc:2 !

Annotations:
D:12 mopl's ghost, journeyman GnWn


Innate Abilities, Weirdness & Mutations

You cannot wear armour.
You are incapable of wielding weapons or throwing items.
Your paws allow you to move quietly. (Stealth)
You have sharp claws.
You have razor-sharp teeth.
You have supernaturally acute eyesight. (SInv)
You are carnivorous and can eat meat at any time.
You cover ground quickly.
Your thick and shaggy fur keeps you warm. (AC +3, rC+)
You have a slow metabolism.
Your sharp claws are effective at attacking unaware monsters.


Message History

Aiming: Sandblast (safe; 1% risk of failure)
Press: ? - help, Shift-Dir - straight line, f/p - orc sorcerer
Aim: an orc sorcerer, wielding a dagger and wearing a robe (umbra)
The blast of sand hits the orc sorcerer.
The orc sorcerer is moderately wounded.
b - 50 stones The orc sorcerer points at you and mumbles some strange words.
You resist with almost no effort.
Casting: Sandblast (safe; 1% risk of failure)
Confirm with . or Enter, or press ? or * to list all spells.
Aiming: Sandblast (safe; 1% risk of failure)
Press: ? - help, Shift-Dir - straight line, f/p - orc sorcerer
Aim: an orc sorcerer, wielding a dagger and wearing a robe (moderately wounded, The blast of sand hits the orc sorcerer.
The orc sorcerer is heavily wounded.
b - 49 stones Your shadow mimicks your spell!
The shadow shard misses the orc sorcerer.
Casting: Sandblast (safe; 1% risk of failure)
Confirm with . or Enter, or press ? or * to list all spells.
Aiming: Sandblast (safe; 1% risk of failure)
Press: ? - help, Shift-Dir - straight line, f/p - orc sorcerer
Aim: an orc sorcerer, wielding a dagger and wearing a robe (heavily wounded, The blast of sand misses the orc sorcerer.
b - 48 stones Your shadow mimicks your spell!
The shadow shard misses the orc sorcerer.
The orc sorcerer points at you and mumbles some strange words.
You suddenly lose the ability to move!
The ice devil hits you. The ice devil freezes you. You resist.
The orc sorcerer hits you with a dagger.
The ice devil hits you!
You emit a cloud of dark smoke.
The ice devil freezes you. You resist.
The orc sorcerer hits you with a dagger.
The ice devil hits you.
* * * LOW HITPOINT WARNING * * *
The ice devil freezes you! You resist.
* * * LOW HITPOINT WARNING * * *
The orc sorcerer hits you with a dagger.
* * * LOW HITPOINT WARNING * * *
You can move again.
Unknown command.
Unknown command.
Unknown command.
Unknown command.
Unknown command.
Casting: Sandblast (safe; 1% risk of failure)
Confirm with . or Enter, or press ? or * to list all spells.
Aiming: Sandblast (safe; 1% risk of failure)
Press: ? - help, Shift-Dir - straight line, f/p - orc sorcerer
Aim: an orc sorcerer, wielding a dagger and wearing a robe (black smoke, The blast of sand hits the orc sorcerer.
The orc sorcerer is almost dead.
b - 47 stones The orc knight shouts!
The ice devil hits you!
* * * LOW HITPOINT WARNING * * *
You emit a cloud of dark smoke.
The ice devil freezes you! You resist.
You die...
The orc sorcerer gestures at you while chanting.
The bolt of negative energy misses you.
You are now level 13!
You rejoin the land of the living...
Are you sure you want to abandon this character and quit the game? (Confirm

# ## .##.# # ....## ###### #...#
.##..## ######.####### ......#
##.#....@#..#.## ## .....##
#.......#......###.###.## ...####
##..............#...# ...
..###.###...........#...##..##...
.##....###......##.......#....#..
......## ##.....#.....#.##.......
.....## ##....#)......#.o.......
......####......#...)............
.....##.###.#.[#.........#.......


There were no monsters in sight!

Vanquished Creatures
  A stone giant (Orc:2)
  A red draconian (Volcano)
  Snorg (Lair:6)
  A fire dragon (Lair:6)
  7 hydras
  Harold (D:11)
  7 two-headed ogres
  An ogre mage (Volcano)
  An orc high priest (Orc:2)
  7 death yaks (Lair:6)
  Nergalle (D:10)
  A fire crab (Lair:6)
  2 unseen horrors (D:12)
  An orc knight (D:12)
  2 orc sorcerers
  A cyclops (D:11)
  2 manticores
  11 elephants
  8 black mambas
  3 molten gargoyles (Lair:6)
  Psyche (D:10)
  A centaur skeleton (D:10)
  3 torpor snails (Lair:6)
  4 rime drakes
  12 spiny frogs
  A kobold demonologist (D:12)
  10 komodo dragons
  6 trolls
  A polar bear (Lair:6)
  9 blink frogs (Lair:6)
  Prince Ribbit (D:7)
  10 hippogriffs
  Sigmund (D:6)
  2 shadows
  3 redbacks (Lair:3)
  3 basilisks (Lair:6)
  5 wyverns
  2 hogs (D:7)
  2 hungry ghosts (D:11)
  51 yaks
  A human (D:7)
  2 steam dragons (Lair:6)
  3 vampire mosquitoes (D:12)
  Grum (D:10)
  2 wargs
  An acid dragon (D:12)
  3 hell hounds (Lair:6)
  13 water moccasins
  5 porcupines
  A sky beast (D:8)
  4 ice beasts
  An eye of draining (D:8)
  17 orc warriors
  A necrophage (D:6)
  10 ogres
  A phantom (D:10)
  2 crocodiles
  8 wolves (D:10)
  4 centaurs
  7 big kobolds
  14 bullfrogs
  2 jellies
  6 scorpions
  A water moccasin skeleton (D:10)
  16 killer bees
  3 wights (D:10)
  6 howler monkeys
  A centaur zombie (D:3)
  5 lava snakes (Lair:6)
  A bullfrog zombie (D:5)
  8 crimson imps
  5 hounds
  16 orc wizards
  21 orc priests
  5 iguanas
  9 worker ants
  5 hell rats (Lair:4)
  A hound zombie (D:7)
  2 hound skeletons
  Robin (D:4)
  18 gnolls
  15 adders
  2 shadow imps
  2 oozes
  3 adder zombies
  2 dart slugs
  12 leopard geckos
  84 orcs
  8 bats
  9 giant cockroaches
  57 goblins
  40 hobgoblins
  23 jackals
  10 quokkas
  4 ball pythons
  9 frilled lizards
  A jackal skeleton (D:5)
  35 kobolds
  A leopard gecko skeleton (D:3)
  A leopard gecko zombie (D:3)
  A quokka skeleton (D:3)
  A quokka zombie (D:5)
  13 rats
  4 plants
758 creatures vanquished.

Vanquished Creatures (others)
  A komodo dragon (Lair:6)
  A shadow (D:11)
  2 orcs (Orc:1)
  8 fungi
  8 plants
20 creatures vanquished.

Grand Total: 778 creatures vanquished

Notes
Turn   | Place    | Note
-------+----------+-------------------------------------------
     0 | D:1      | Amnesiac the Felid Earth Elementalist began the quest for
                  | the Orb.
     0 | D:1      | Reached XP level 1. HP: 7/7 MP: 4/4
   269 | D:1      | Reached XP level 2. HP: 11/11 MP: 6/6
   277 | D:1      | Learned a level 2 spell: Passwall
   886 | D:2      | Reached XP level 3. HP: 14/14 MP: 4/7
  1064 | D:3      | Found a glowing golden altar of the Shining One.
  1438 | D:4      | Reached XP level 4. HP: 17/18 MP: 4/8
  1444 | D:4      | Learned a level 4 spell: Petrify
  1693 | D:4      | Noticed Robin
  1705 | D:4      | Killed Robin
  1865 | D:3      | Found a shadowy altar of Dithmenos.
  1873 | D:3      | Became a worshipper of Dithmenos the Shadowed
  1889 | D:3      | Reached skill level 5 in Earth Magic
  1889 | D:3      | Reached XP level 5. HP: 18/21 MP: 4/9
  1953 | D:3      | Noticed an orc warrior
  2252 | D:2      | Gained mutation: You are covered in thick fur. (AC +2)
                  | [Felid growth]
  2252 | D:2      | Reached XP level 6. HP: 18/24 MP: 3/10
  2407 | D:2      | Reached * piety under Dithmenos
  2551 | D:2      | Learned a level 1 spell: Confusing Touch
  2694 | D:2      | Found an opulent altar of Gozag.
  2694 | D:2      | Found a sparkling altar of Nemelex Xobeh.
  3459 | D:3      | Found a shattered altar of Ashenzari.
  3695 | D:3      | Found an ornate altar of the Wu Jian Council.
  4194 | D:3      | Reached ** piety under Dithmenos
  4353 | D:3      | Reached XP level 7. HP: 22/27 MP: 0/11
  5038 | D:3      | Reached *** piety under Dithmenos
  5579 | D:4      | Reached skill level 3 in Dodging
  5595 | D:4      | Found a staircase to the Ecumenical Temple.
  5677 | D:4      | Reached **** piety under Dithmenos
  5705 | D:4      | Reached skill level 4 in Dodging
  5980 | D:5      | Entered Level 5 of the Dungeon
  5983 | D:5      | Found Angeonuu's Weapon Shop.
  6002 | D:5      | Found a stormy altar of Qazlal.
  6003 | D:5      | Noticed a fire elemental
  6029 | D:5      | Found Cihapesch's Distillery.
  6121 | D:5      | Reached skill level 1 in Fighting
  6137 | D:5      | Reached XP level 8. HP: 24/33 MP: 12/12
  6420 | D:5      | Found Qigeg's Antique Weapon Emporium.
  6425 | D:5      | Found Idoali's Antique Weapon Shop.
  6487 | D:5      | Found a glowing drain.
  6489 | Sewer    | Entered a sewer
  6758 | Sewer    | Reached ***** piety under Dithmenos
  7986 | D:5      | Noticed an air elemental
  8139 | D:5      | Found a bloodstained altar of Trog.
  8313 | D:6      | Found a blossoming altar of Fedhas.
  8332 | D:6      | Noticed Sigmund
  8342 | D:6      | Killed Sigmund
  8484 | D:6      | Got a flickering brass amulet
  8492 | D:6      | Identified the amulet "Xisafell" {Reflect Str+9 Int-4 SH+3
                  | SInv Stlth-} (You found it on level 6 of the Dungeon)
  8618 | D:6      | Found a sacrificial altar of Ru.
  8659 | D:6      | Reached skill level 1 in Unarmed Combat
  8661 | D:6      | Reached skill level 5 in Dodging
  8747 | D:6      | Reached XP level 9. HP: 37/37 MP: 16/16
  8754 | D:6      | Learned a level 5 spell: Lee's Rapid Deconstruction
  9032 | D:6      | Learned a level 2 spell: Sticks to Snakes
  9089 | D:6      | Learned a level 1 spell: Apportation
  9592 | D:7      | Reached skill level 6 in Dodging
  9759 | D:7      | Reached skill level 7 in Dodging
  9810 | D:7      | Reached skill level 8 in Dodging
 10124 | D:7      | Reached skill level 5 in Stealth
 10124 | D:7      | Reached skill level 5 in Unarmed Combat
 10449 | D:7      | Found Heboimes's Armour Boutique.
 10463 | D:7      | Noticed Prince Ribbit
 10475 | D:7      | Killed Prince Ribbit
 10475 | D:7      | Reached XP level 10. HP: 42/42 MP: 17/17
 10785 | D:8      | Found an ancient bone altar of Kikubaaqudgha.
 10796 | D:8      | Found a glowing silver altar of Zin.
 10824 | D:8      | Noticed a two-headed ogre
 10839 | D:8      | Killed a two-headed ogre
 11017 | D:8      | Found an ancient bone altar of Kikubaaqudgha.
 11053 | D:8      | Reached skill level 9 in Dodging
 11384 | D:9      | Identified a scroll of acquirement {!r}
 11385 | D:9      | Got a faintly glowing amber ring
 11387 | D:9      | Identified the ring of Melimoaq {rPois rN+ Str+2 Stlth-}
                  | (You acquired it on level 9 of the Dungeon)
 11497 | D:9      | Reached ****** piety under Dithmenos
 11509 | D:9      | Reached skill level 5 in Fighting
 11815 | D:9      | Found a hazy altar of Hepliaklqana.
 12134 | D:10     | Entered Level 10 of the Dungeon
 12150 | D:10     | Noticed a two-headed ogre
 12159 | D:10     | Killed a two-headed ogre
 12201 | D:10     | Reached XP level 11. HP: 47/50 MP: 14/18
 12232 | D:10     | Noticed Grum
 12254 | D:10     | Noticed Nergalle
 12274 | D:10     | Killed Grum
 12283 | D:10     | Killed Nergalle
 12442 | D:10     | Reached skill level 5 in Transmutations
 12462 | D:10     | Found a staircase to the Lair.
 12781 | D:10     | Noticed an ogre mage
 12798 | D:10     | Noticed Psyche
 12807 | D:10     | Killed Psyche
 13796 | D:11     | Noticed Harold
 13808 | D:11     | Killed Harold
 13925 | D:11     | Reached skill level 5 in Spellcasting
 14879 | D:12     | Gained mutation: Your thick and shaggy fur keeps you warm.
                  | (AC +3, rC+) [Felid growth]
 14879 | D:12     | Reached XP level 12. HP: 57/57 MP: 21/21
 15068 | D:12     | Found a staircase to the Orcish Mines.
 15069 | D:12     | Found a roughly hewn altar of Beogh.
 15581 | D:12     | Reached skill level 10 in Earth Magic
 15812 | D:12     | Found a runed door.
 15818 | D:12     | Noticed mopl's ghost (journeyman GnWn)
 16032 | Orc:1    | Entered Level 1 of the Orcish Mines
 16042 | Orc:1    | Found Siuruuk's Gadget Emporium.
 16191 | Lair:1   | Entered Level 1 of the Lair of Beasts
 16242 | Lair:1   | Reached skill level 10 in Dodging
 16348 | Lair:1   | Found a dark tunnel.
 16421 | Volcano  | Entered a volcano
 16460 | Volcano  | Noticed a two-headed ogre
 16463 | Volcano  | Killed a two-headed ogre
 16486 | Volcano  | Noticed a two-headed ogre
 16486 | Volcano  | Noticed a two-headed ogre
 16486 | Volcano  | Noticed an ogre mage
 16500 | Volcano  | Killed a two-headed ogre
 16500 | Volcano  | Reached skill level 11 in Dodging
 16506 | Volcano  | Killed an ogre mage
 16506 | Volcano  | Killed a two-headed ogre
 16576 | Volcano  | Noticed a two-headed ogre
 16586 | Volcano  | Killed a two-headed ogre
 16586 | Volcano  | Reached skill level 12 in Dodging
 16610 | Volcano  | Noticed a red draconian
 16610 | Volcano  | Noticed a two-headed ogre
 16617 | Volcano  | Killed a two-headed ogre
 16766 | Volcano  | Killed a red draconian
 16766 | Volcano  | Reached skill level 13 in Dodging
 17556 | Lair:2   | Reached XP level 13. HP: 60/60 MP: 23/23
 17746 | Lair:2   | Found a staircase to the Shoals.
 17836 | Lair:2   | Reached skill level 14 in Dodging
 18240 | Lair:3   | Found a hole to the Spider Nest.
 18567 | Lair:3   | Reached skill level 15 in Dodging
 20072 | Lair:4   | Reached skill level 16 in Dodging
 21301 | Lair:5   | Learned a level 3 spell: Mephitic Cloud
 21308 | Lair:5   | Reached skill level 10 in Fighting
 21754 | Lair:6   | Entered Level 6 of the Lair of Beasts
 21754 | Lair:6   | Noticed Snorg
 21758 | Lair:6   | Found a staircase to the Slime Pits.
 21758 | Lair:6   | Found a viscous altar of Jiyva.
 21910 | Lair:6   | Reached skill level 17 in Dodging
 22068 | Lair:6   | Learned a level 5 spell: Borgnjor's Vile Clutch
 22081 | Lair:6   | Reached XP level 14. HP: 66/66 MP: 24/24
 22794 | Lair:6   | Killed Snorg
 22971 | Lair:6   | Found a large runed door.
 23091 | Lair:6   | Found a large runed door.
 24080 | D:12     | Reached skill level 18 in Dodging
 24235 | Orc:2    | Entered Level 2 of the Orcish Mines
 24235 | Orc:2    | Found a staircase to the Elven Halls.
 24272 | Orc:2    | Noticed a stone giant
 24293 | Orc:2    | Killed a stone giant
 24647 | Orc:1    | Found Anakh's Gadget Shoppe.
 24931 | Orc:2    | Found Fanuyc's Distillery.
 24933 | Orc:2    | Paralysed by an orc sorcerer for 6 turns
 25321 | Orc:2    | Paralysed by an orc sorcerer for 5 turns
 25326 | Orc:2    | Slain by an ice devil
 25327 | Orc:2    | Reached XP level 13. HP: -3/64 MP: 27/32
 25327 | Orc:2    | Quit the game

Vault maps used:
D:1:      lemuel_arrival_behind_the_door_large
D:2:      grunt_temple_overflow_opulence
D:3:      minmay_goblin_kobold_castle, grunt_dithmenos_smoke,
          lemuel_doored_altar, cheibrodos_ashenzari_chains,
          nicolae_tso_swordbearing_angel, serial_undead, serial_undead_b,
          serial_undead_d, serial_undead_a, serial_undead_c, serial_undead_d,
          serial_undead_c
D:4:      corexii_shantytown, temple_hall, first_ration, minmay_ruptured,
          uniq_robin
D:5:      marbit_many_paths, portal_sewer_entry_e, serial_shops, shop,
          kennysheep_mini, shop, nicolae_shop_behind_doors,
          nicolae_qazlal_style_of_elements
D:6:      kennysheep_mini_moat, nicolae_overflow_hidden_temple, uniq_sigmund
D:7:      serial_shops, shop_fountains, grunt_livestock, uniq_prince_ribbit1
D:8:      lemuel_crystal_altar, lemuel_crystal_altar, basic_altar
D:9:      kennysheep_little_box
D:10:     erik_lair_island, lightli_corner_chamber, uniq_grum, uniq_psyche,
          uniq_nergalle
D:11:     hex_tiny, minmay_strange_pillars, uniq_harold
D:12:     david_orc_5, ebering_ghost_reflecting_pool
Lair:1:   nicolae_volcano_entry_two_sided, infiniplex_staircase_pool,
          grunt_megastairs_3, lemuel_fruit_fields
Lair:2:   shoals_dummy_entry
Lair:3:   spider_nest_entry_webs, minivault_23
Lair:4:   serial_bayou_shore_b
Lair:6:   cheibrodos_lair_end_hotspot, slime_altar_1,
          nicolae_lair_grove_arrangements, uniq_snorg
Orc:1:    serial_shops, shop, nicolae_shop_trees
Orc:2:    st_orc_ogre_mass, serial_shops, shop
Sewer:    sewer_co_scattered_pipes
Volcano:  volcano_pools

Skill      XL: |  1  2  3  4  5  6  7  8  9 10 11 12 13 14 |
---------------+-------------------------------------------+-----
Earth Magic    | 3 4 5 6 7 8 9 10 | 10.0
Transmutations | 2 4 8 |  8.5
Dodging        | 4 5 8 9 13 17 18 | 18.0
Fighting       | 2 3 7 9 10 12 | 12.0
Stealth        | 4 6 8 9 |  9.8
Spellcasting   | 4 5 6 |  6.5
Unarmed Combat | 2 6 8 9 |  9.9

Action                   |  1- 3 |  4- 6 |  7- 9 | 10-12 | 13-15 || total
-------------------------+-------+-------+-------+-------+-------++-------
Melee: Unarmed           |    78 |   196 |   787 |   154 |   423 ||  1638
       Bite              |     3 |    23 |    83 |     7 |    44 ||   160
       Punch             |       |       |     1 |     6 |    18 ||    25
 Cast: Sandblast         |    19 |   116 |   262 |   149 |   144 ||   690
       Passwall          |     1 |     4 |    13 |    26 |     2 ||    46
       Petrify           |       |     1 |     2 |    27 |   120 ||   150
       Confusing Touch   |       |       |     9 |     4 |    35 ||    48
       Lee's Rapid Decon |       |       |    10 |    57 |    35 ||   102
       Mephitic Cloud    |       |       |       |       |     3 ||     3
 Abil: Evoke Berserk Rag |       |     1 |       |       |       ||     1
Evoke: Wand              |       |       |     1 |     3 |       ||     4
  Use: Scroll            |     1 |     7 |     4 |    10 |     8 ||    30
       Potion            |       |     2 |       |     3 |     2 ||     7
 Stab: Sleeping          |     8 |     8 |    17 |    44 |    19 ||    96
       Petrified         |       |       |     6 |    22 |   122 ||   150
       Petrifying        |       |       |     2 |     7 |    26 ||    35
       Confused          |       |       |       |     5 |     8 ||    13
       Distracted        |       |       |       |     1 |     2 ||     3
  Eat: Chunk             |     9 |     8 |    20 |    34 |    38 ||   109
Armor: Skin              |     5 |    13 |     7 |     4 |     5 ||    34
Dodge: Dodged            |    70 |   222 |   165 |   240 |   533 ||  1230

Table legend:
 A = Non-vault XP
 B = Vault XP
 C = Vault XP percentage of total XP
 D = Non-vault monster count
 E = Vault monster count
 F = Vault count percentage of total count
                 A         B        C        D         E       F
            +---------+---------+-------+---------+---------+-------
      Total |   71761 |   22113 |  23.6 |     521 |     235 |  31.1
            +---------+---------+-------+---------+---------+-------
        D:1 |      32 |       0 |   0.0 |      16 |       0 |   0.0
        D:2 |     257 |       0 |   0.0 |      32 |       0 |   0.0
        D:3 |     123 |     463 |  79.0 |      29 |      75 |  72.1
        D:4 |     192 |     210 |  52.2 |      19 |      47 |  71.2
        D:5 |     446 |      24 |   5.1 |      20 |       8 |  28.6
        D:6 |    1299 |     223 |  14.7 |      38 |       1 |   2.6
        D:7 |    1444 |    1260 |  46.6 |      33 |       6 |  15.4
        D:8 |    2389 |       0 |   0.0 |      23 |       0 |   0.0
        D:9 |    1333 |       0 |   0.0 |      28 |       0 |   0.0
       D:10 |    3155 |    2463 |  43.8 |      18 |      12 |  40.0
       D:11 |    5368 |     939 |  14.9 |      43 |       1 |   2.3
       D:12 |    5342 |     555 |   9.4 |      29 |      23 |  44.2
     Lair:1 |    4760 |       0 |   0.0 |      20 |       0 |   0.0
     Lair:2 |    4036 |       0 |   0.0 |      16 |       0 |   0.0
     Lair:3 |    3142 |     647 |  17.1 |      11 |       3 |  21.4
     Lair:4 |    8446 |       0 |   0.0 |      25 |       0 |   0.0
     Lair:5 |    5250 |       0 |   0.0 |      17 |       0 |   0.0
     Lair:6 |   18057 |    8808 |  32.8 |      47 |      29 |  38.2
      Orc:1 |    1701 |       0 |   0.0 |      23 |       0 |   0.0
      Orc:2 |    4989 |       0 |   0.0 |      34 |       0 |   0.0
      Sewer |       0 |      46 | 100.0 |       0 |      23 | 100.0
    Volcano |       0 |    6475 | 100.0 |       0 |       7 | 100.0
            +---------+---------+-------+---------+---------+-------
